 Dungeon Crawl Stone Soup version 0.21-a0-369-g397cdb2 (webtiles) character file.

165 wemp the Covered (level 5, -8/41 HPs)
             Began as a Mummy Fighter on Oct 15, 2017.
             Was a Follower of Cheibriados.
             Killed from afar by teton's ghost (26 damage)
             ... with an orb of energy
             ... on level 3 of the Dungeon.
             The game lasted 00:07:04 (2399 turns).

wemp the Covered (Mummy Fighter)                    Turns: 2399, Time: 00:07:04

Health: -8/41      AC: 10    Str: 22    XL:     5   Next: 21%
Magic:  5/5        EV:  7    Int:  9    God:    Cheibriados [*.....]
Gold:   149        SH:  9    Dex: 14    Spells: 4/4 levels left

rFire    x . .     SeeInvis .   a - +0 long sword
rCold    + . .     Gourm    .   c - +0 shield
rNeg     + + +     Faith    .   d - +0 scale mail
rPois    ∞         Spirit   .   (no helmet)
rElec    .         Reflect  .   (no cloak)
rCorr    .         Harm     .   (no gloves)
MR       +....                  h - +2 pair of boots
Stlth    ..........             (no amulet)
HPRegen  0.13/turn              k - ring of protection from magic
MPRegen  0.09/turn              (no ring)

@: very slow
A: no food or potions, fire vulnerability, cold resistance 1, negative energy
resistance 3, torment resistance, unbreathing
a: Bend Time, Renounce Religion


You were on level 3 of the Dungeon.
You worshipped Cheibriados.
Cheibriados was aware of your devotion.
You were not hungry.

You visited 1 branch of the dungeon, and saw 3 of its levels.

You collected 149 gold pieces.

Inventory:

Hand Weapons
 a - a +0 long sword (weapon)
 j - a +3 short sword
Armour
 c - a +0 shield (worn)
 d - a +0 scale mail (worn)
 h - a +2 pair of boots (worn)
Jewellery
 k - a ring of protection from magic (left hand)
 m - a cursed amulet of inaccuracy {unknown}
Wands
 i - a wand of polymorph (18/24)
Scrolls
 b - 3 scrolls of recharging
 e - a scroll of teleportation
 f - a scroll of amnesia
 g - a scroll of remove curse
 l - a scroll of identify {unknown}


   Skills:
 - Level 3.0 Fighting
 + Level 3.5 Long Blades
 + Level 3.6 Armour
 - Level 2.4 Shields


You had 4 spell levels left.
You didn't know any spells.

Dungeon Overview and Level Annotations

Branches:
Dungeon (3/15)

Altars:
Cheibriados
Gozag
Xom

Annotations:
D:3 teton's ghost, amateur DECj


Innate Abilities, Weirdness & Mutations

You do not eat or drink.
Your flesh is vulnerable to fire.
You are immune to poison.
Your flesh is cold resistant. (rC+)
You are immune to negative energy. (rN+++)
You are immune to unholy pain and torment.
You can survive without breathing.


Message History

The leopard gecko bites you. The orc hits you but does no damage.
Teton's ghost closely misses you.
You riposte.
You hit teton's ghost but do no damage.
The leopard gecko bites you but does no damage.
Teton's ghost wails, "Do you think the gods will protect you?"
Teton's ghost hits you but does no damage.
The orc hits you from afar with a trident!
The leopard gecko completely misses you.
Teton's ghost hits you but does no damage.
The rat bites you but does no damage.
Teton's ghost hits you but does no damage.
The orc hits you but does no damage. You block the leopard gecko's attack.
The leopard gecko bites you but does no damage.
The orc hits you but does no damage. You block the leopard gecko's attack.
Teton's ghost casts a spell at you. The orb of energy hits you!
Ouch! That really hurt!
You die...

....... ..! ....#.# #.#
#..... #.# #...#.# #.#
.#.....##.# #...#.# #.#
..........# #<..#.######.###
..........####...#...........
...........r##...............
.#....##.##l##...############
..........W.##........#
###.........@....##.#.#
#.#.##.##...........#
.................#...#
..#.##.#####...#.#..# #..#
#)######.#._.#.# #.
#.........#.#..#
...........#...#
######........# #....#####


You could see teton's ghost, a leopard gecko and a rat.

Vanquished Creatures
  An ogre (D:2)
  2 adders
  2 oozes
  2 worms (D:2)
  2 leopard geckos
  2 ball pythons
  2 giant cockroaches
  9 goblins
  6 hobgoblins
  4 jackals (D:1)
  5 kobolds
  4 quokkas (D:2)
  3 bats (D:2)
  3 frilled lizards
  6 rats
53 creatures vanquished.

Notes
Turn   | Place    | Note
-------+----------+-------------------------------------------
     0 | D:1      | wemp the Mummy Fighter began the quest for the Orb.
     0 | D:1      | Reached XP level 1. HP: 18/18 MP: 1/1
     0 | D:1      | Noticed a shadow dragon
     0 | D:1      | Noticed an iron dragon
     2 | D:1      | Noticed a yellow draconian
     2 | D:1      | Noticed a tentacled monstrosity
     4 | D:1      | Noticed a tentacled monstrosity
     6 | D:1      | Noticed an ice dragon
     7 | D:1      | Noticed a large abomination
     8 | D:1      | Noticed an orb of fire
    10 | D:1      | Noticed a shadow dragon
    10 | D:1      | Noticed an iron dragon
    12 | D:1      | Noticed a golden dragon
    12 | D:1      | Noticed a tentacled monstrosity
    16 | D:1      | Noticed a tentacled monstrosity
    16 | D:1      | Noticed a shadow dragon
    18 | D:1      | Noticed a large abomination
    18 | D:1      | Noticed a yellow draconian
    20 | D:1      | Noticed a shadow dragon
   167 | D:1      | Reached XP level 2. HP: 24/24 MP: 2/2
  1127 | D:2      | Reached XP level 3. HP: 24/29 MP: 3/3
  1283 | D:2      | Found an opulent altar of Gozag.
  1828 | D:2      | Reached XP level 4. HP: 22/35 MP: 4/4
  2045 | D:2      | Found a bloodstained altar of Trog.
  2047 | D:2      | Found a shimmering altar of Xom.
  2047 | D:2      | Found a hazy altar of Hepliaklqana.
  2047 | D:2      | Noticed an ogre
  2067 | D:2      | Killed an ogre
  2067 | D:2      | Reached XP level 5. HP: 25/41 MP: 5/5
  2108 | D:2      | Found a sparkling altar of Nemelex Xobeh.
  2108 | D:2      | Found a shimmering altar of Xom.
  2108 | D:2      | Found a stormy altar of Qazlal.
  2362 | D:3      | Found a faded altar of an unknown god.
  2371 | D:3      | Became a worshipper of Cheibriados the Contemplative
  2371 | D:3      | Reached * piety under Cheibriados
  2388 | D:3      | Noticed teton's ghost (amateur DECj)
  2399 | D:3      | Killed from afar by teton's ghost

Vault maps used:
D:1:      shiori_arrival_whats_in_store_for_you
D:2:      nicolae_gozag_seed_capital, doesnt_xom_only_xom, minmay_pentomino_u2
D:3:      kennysheep_okawaru_gauntlet, chequers_ecumenical_altar_simple_redux

Skill      XL: |  1  2  3  4 |
---------------+-------------+-----
Long Blades    | 2 3 |  3.5
Armour         | 3 |  3.6
Fighting       | |  3.0
Shields        | |  2.4

Action                   |  1- 3 |  4- 6 || total
-------------------------+-------+-------++-------
Melee: Long sword        |   142 |    41 ||   183
  Use: Scroll            |       |     5 ||     5
Armor: Scale mail        |    69 |    24 ||    93
Dodge: Dodged            |    44 |    13 ||    57
Block: Shield            |    60 |    21 ||    81
       Rpst.: Long sword |    13 |     4 ||    17

Table legend:
 A = Spawn XP
 B = Non-spawn XP
 C = Spawn XP percentage of total XP
 D = Spawn monster count
 E = Non-spawn monster count
 F = Spawn count percentage of total count
 G = Total turns spent on level
                    A         B        C        D         E        F      G
               +---------+---------+-------+---------+---------+-------+---------
         Total |       0 |     236 |   0.0 |       0 |      53 |   0.0 |  2399
               +---------+---------+-------+---------+---------+-------+---------
           D:1 |       0 |      40 |   0.0 |       0 |      20 |   0.0 |  1123
           D:2 |       0 |     178 |   0.0 |       0 |      29 |   0.0 |  1039
           D:3 |       0 |      18 |   0.0 |       0 |       4 |   0.0 |   237
               +---------+---------+-------+---------+---------+-------+---------
